 Dungeon Crawl Stone Soup version 0.28-a0-1415-g7c84da036a (webtiles) character file.

Game seed: 4803720058649928578

421 southernslant the Skirmisher (level 6, -1/38 HPs)
             Began as a Gargoyle Gladiator on Jan 7, 2022.
             Slain by a sky beast (2 damage)
             ... on level 4 of the Dungeon.
             The game lasted 00:08:59 (4064 turns).

southernslant the Skirmisher (Gargoyle Gladiator)   Turns: 4064, Time: 00:08:59

Health: -1/38      AC:  9    Str: 18    XL:     6   Next: 94%
Magic:  6/6        EV: 12    Int:  8    God:
Gold:   181        SH:  0    Dex: 13    Spells: 5/5 levels left

rFire   . . .      SeeInvis .   a - +0 quarterstaff
rCold   . . .      Faith    .   (shield currently unavailable)
rNeg    + . .      Spirit   .   b - +0 leather armour
rPois   ∞          Reflect  .   c - +0 helmet
rElec   +          Harm     .   (no cloak)
rCorr   .          Rampage  .   (no gloves)
Will    .....                   (no boots)
Stlth   ++........              (no amulet)
HPRegen 0.12/turn               (no ring)
MPRegen 0.10/turn               (no ring)

@: no status effects
A: sickness immunity, AC +4, negative energy resistance 1, electricity
resistance, torment resistance 1, petrification resistance
a: no special abilities


You were on level 4 of the Dungeon.
You visited 1 branch of the dungeon, and saw 5 of its levels.

You collected 181 gold pieces.

Inventory:

Hand Weapons
 a - a +0 quarterstaff (weapon)
 v - a +1 whip of venom
 w - a +1 dagger of draining
 z - a +1 short sword of venom
Missiles
 d - 3 throwing nets
 e - 160 stones
 h - 4 boomerangs
 p - 6 javelins (quivered)
Armour
 b - a +0 leather armour (worn)
 c - a +0 helmet (worn)
Wands
 y - a wand of digging (7)
Scrolls
 f - 5 scrolls of identify {unknown}
 g - 3 scrolls of enchant weapon {unknown}
 j - a scroll of vulnerability {unknown}
 k - 2 scrolls of fear {unknown}
 m - a scroll of blinking {unknown}
 n - a scroll of summoning {unknown}
 o - a scroll of immolation {unknown}
 q - a scroll of silence {unknown}
 s - a scroll of teleportation {unknown}
 x - a scroll of fog {unknown}
Potions
 i - 2 potions of curing
 l - a potion of haste {unknown}
 r - 2 potions of berserk rage {unknown}
 t - 2 potions of mutation {unknown}
 u - a potion of might {unknown}


   Skills:
 * Level 4.2 Fighting
 + Level 3.7 Staves
 + Level 2.6 Throwing
 * Level 3.3 Armour
 * Level 3.6 Dodging
 + Level 2.0 Stealth


You had 5 spell levels left.
You didn't know any spells.
Your spell library was empty.

Dungeon Overview and Level Annotations

Branches:
Dungeon (5/15)             Temple (0/1) D:4

Altars:

Shops:
D:1 (   D:3 (   D:4 =


Innate Abilities, Weirdness & Mutations

You are immune to sickness and miasma.
Your stone body is resilient. (AC +4)
You are immune to poison.
You resist negative energy. (rN+)
You are resistant to electric shocks. (rElec)
You are resistant to unholy torment.
You are immune to petrification.


Message History

You hit the necrophage.
The necrophage is severely damaged.
The necrophage closely misses you.
You barely miss the necrophage.
The necrophage is heavily damaged.
The necrophage misses you.
You sock the necrophage!
The necrophage is almost destroyed.
The necrophage barely misses you.
The sky beast flickers out of sight!
Deactivating autopickup; reactivate with Ctrl-A.
The necrophage misses you.
You hit the necrophage.
You destroy the necrophage!
Your Stealth skill increases to level 2!
You hit something but do no damage. Something hits you but does no damage.
You barely miss something. Something hits you but does no damage.
You miss something. Something hits you but does no damage.
You hit something but do no damage. Something hits you. Something shocks you.
You resist.
* * * LOW HITPOINT WARNING * * *
You miss something. Something hits you but does no damage.
You closely miss something. Something hits you.
* * * LOW HITPOINT WARNING * * *
Something shocks you. You resist.
* * * LOW HITPOINT WARNING * * *
Something hits you.
* * * LOW HITPOINT WARNING * * *
Something shocks you. You resist.
* * * LOW HITPOINT WARNING * * *
You miss something. Something hits you but does no damage.
You hit something. Something hits you but does no damage.
You closely miss something. Something hits you but does no damage.
You miss something. Something hits you but does no damage.
You miss something. Something hits you but does no damage.
You hit something but do no damage.
A sky beast appears from thin air!
Reactivating autopickup.
The sky beast hits you.
* * * LOW HITPOINT WARNING * * *
The sky beast shocks you. You resist.
You die...

#..........######.#
#..........# #.####
#..........## #....#
#.......<#..# ####.#
#.......##..# #.#
#.......##..## #.#
##########...#######.#######
##^.#.....#.##....#
#..#@###.#....##.#
##.#Y#.#.#######.#
#Y>...#.####....#
##.#.......#.####
#.##...##.#.# #.##.####...#
#######.##....#####
#.......#####.#
#.###########.#


You could see a sky beast.

Vanquished Creatures
  A necrophage (D:4)
  A centaur zombie (D:3)
  A hound (D:4)
  A bullfrog skeleton (D:4)
  An iguana (D:4)
  2 orc wizards
  3 gnolls (D:3)
  A howler monkey skeleton (D:4)
  4 adders
  An ufetubus (D:4)
  2 worms
  13 orcs
  3 ball pythons
  6 bats
  3 endoplasms
  3 giant cockroaches
  8 goblins
  6 hobgoblins
  3 quokkas
  3 frilled lizards
  7 kobolds
  3 rats
76 creatures vanquished.

Notes
Turn   | Place    | Note
-------+----------+-------------------------------------------
     0 | D:1      | southernslant the Gargoyle Gladiator began the quest for
                  | the Orb.
     0 | D:1      | Reached XP level 1. HP: 12/12 MP: 1/1
   173 | D:1      | Found Omaqierph's Antique Weapon Boutique.
   180 | D:1      | Found a faded altar of an unknown god.
   191 | D:1      | Reached XP level 2. HP: 18/18 MP: 2/2
   705 | D:2      | Reached skill level 1 in Armour
   707 | D:2      | Reached XP level 3. HP: 14/22 MP: 3/3
  1639 | D:3      | Found Taumaluts's Antique Weapon Boutique.
  1644 | D:3      | Reached skill level 3 in Fighting
  1772 | D:3      | Reached skill level 1 in Stealth
  1772 | D:3      | Reached XP level 4. HP: 15/28 MP: 4/4
  2256 | D:3      | HP: 1/28 [gnoll (3)]
  2522 | D:3      | Reached XP level 5. HP: 17/32 MP: 5/5
  2970 | D:4      | Reached XP level 6. HP: 23/38 MP: 6/6
  3294 | D:4      | Found Omylunle's Jewellery Emporium.
  3347 | D:4      | Found a staircase to the Ecumenical Temple.
  3703 | D:4      | Reached skill level 4 in Fighting
  4018 | D:5      | Entered Level 5 of the Dungeon
  4018 | D:5      | Noticed a necrophage
  4029 | D:5      | Noticed a sky beast
  4052 | D:4      | Killed a necrophage
  4064 | D:4      | HP: 1/38 [sky beast (2)]
  4064 | D:4      | Slain by a sky beast

Illustrated notes

Levels and vault maps discovered:
D:1:      dpeg_arrival_signposts, layout_loops_ring, serial_shops, shop,
          ebering_ecumenical_altar_petrified, st_stairs_9,
          minmay_misc_feat_doors
D:2:      cheibrodos_helix_gallery, layout_rooms, amcnicky_mini_pool_small
D:3:      layout_loops_ring, serial_shops, nicolae_shop_trees
D:4:      layout_basic, minmay_temple_entry_enclosed_plants, serial_shops, shop,
          cheibrodos_sewer_entry_bend, minmay_stone_trees_small
D:5:      layout_cave_pools, kennysheep_mini_moat, uniq_crazy_yiuf_cottage

Skill      XL: |  1  2  3  4  5  6 |
---------------+-------------------+-----
Throwing       | 2 |  2.6
Armour         | 1 2 3 |  3.3
Fighting       | 3 4 |  4.2
Stealth        | 1 2 |  2.0
Dodging        | 3 |  3.6
Staves         | |  3.7

Action                   |  1- 3 |  4- 6 || total
-------------------------+-------+-------++-------
Melee: Quarterstaff      |   121 |   177 ||   298
Throw: Javelin           |     2 |     3 ||     5
  Use: Potion            |     1 |     1 ||     2
 Stab: Sleeping          |     2 |       ||     2
Armor: Leather armour    |    41 |   107 ||   148
Dodge: Dodged            |   102 |   147 ||   249

Table legend: (Time is in decaauts)
 A = Elapsed time spent in this place.
 B = Non-inter-level travel time spent in this place.
 C = Inter-level travel time spent in this place.
 D = Time resting spent in this place.
 E = Time spent auto-exploring this place.
 F = Levels seen in this place.
 G = Mean time per level.
                   A        B        C        D        E       F      G
               +--------+--------+--------+--------+--------+-----+--------+
         Total |   4117 |   4067 |     50 |      0 |   2832 |   5 |  823.4 |
       Dungeon |   4117 |   4067 |     50 |      0 |   2832 |   5 |  823.4 |
               +--------+--------+--------+--------+--------+-----+--------+

Top non-repeatable levels by time:
     D:3: 1404 daAuts
     D:2: 1017 daAuts
     D:4: 1000 daAuts
     D:1: 688 daAuts
     D:5: 6 daAuts
